 Dungeon Crawl Stone Soup version 0.19.5 (webtiles) character file.

506 spiff the Skirmisher (level 6, -17/45 HPs)
             Began as a High Elf Fighter on Apr 7, 2017.
             Demolished by an ogre
             ... wielding a +0 giant spiked club
              (26 damage)
             ... on level 5 of the Dungeon.
             The game lasted 00:13:26 (5773 turns).

spiff the Skirmisher (High Elf Fighter)             Turns: 5773, Time: 00:13:26

Health: -17/45     AC: 12    Str: 17      XL:     6   Next: 97%
Magic:  7/7        EV:  8    Int: 12      God:
Gold:   207        SH:  4    Dex: 11 (15) Spells: 0 memorised, 5 levels left

rFire  + . .     SeeInvis .     a - +0 long sword
rCold  + . .     Gourm    .     v - +4 chain mail
rNeg   . . .     Faith    .     x - +0 buckler
rPois  .         Spirit   .     (no helmet)
rElec  .         Reflect  .     (no cloak)
rCorr  .         Harm     .     (no gloves)
MR     .....                    (no boots)
Stlth  ..........               (no amulet)
                                z - ring of protection from cold
                                j - ring of protection from fire

@: no status effects
A: no striking features
a: no special abilities


You were on level 5 of the Dungeon.
You were hungry.

You visited 1 branch of the dungeon, and saw 5 of its levels.

You collected 207 gold pieces.

Inventory:

Hand Weapons
 a - a +0 long sword (weapon)
Missiles
 e - 29 poisoned needles
 m - 48 arrows
 r - a throwing net (quivered)
 y - 3 tomahawks of returning
Armour
 b - a +1 scale mail
 c - a +0 shield
 v - a +4 chain mail (worn)
 x - a +0 buckler (worn)
Jewellery
 j - a ring of protection from fire (left hand)
 l - an uncursed ring of protection from fire
 p - an uncursed ring of flight
 t - an uncursed ring of stealth
 z - a ring of protection from cold (right hand)
Wands
 g - a wand of flame (19/48)
 q - a wand of random effects (20/48)
Scrolls
 h - a scroll of teleportation
 n - 2 scrolls of blinking
Potions
 d - a potion of might
 i - a potion of degeneration
 k - a potion of berserk rage {unknown}
 s - 4 potions of haste
 u - 2 potions of ambrosia {unknown}
Comestibles
 f - 2 bread rations
 o - 2 meat rations
 A - 2 fruits


   Skills:
 + Level 5.3 Fighting
 + Level 5.2 Long Blades
 - Level 2.6 Armour
 + Level 4.4 Dodging
 - Level 2.6 Shields


You had 5 spell levels left.
You didn't know any spells.

Dungeon Overview and Level Annotations

Branches:
Dungeon (5/15)
 Temple: D:4-7

Altars:
Xom

Shops:
D:4 (

Annotations:
D:4 theAP's ghost, novice GrFi


Message History

You hit the ogre.
The ogre is lightly wounded.
The ogre barely misses you.
You riposte.
Your chain mail prevents you from hitting the ogre.
The ogre is lightly wounded.
You hit the ogre.
The ogre is moderately wounded.
The ogre hits you with a giant spiked club!
* * * LOW HITPOINT WARNING * * *
Your chain mail prevents you from hitting the ogre.
The ogre is moderately wounded.
The ogre closely misses you.
You slash the ogre!
The ogre is heavily wounded.
The ogre closely misses you.
You hit the ogre.
The ogre is heavily wounded.
The ogre hits you with a giant spiked club!!
Ouch! That really hurt!
You die...

#####
..............#######
?.......# #...<...#
........## ##...####
......$..# #..###
.....$...####.##
.........#....# ##
.........#.#### .#
#..O#@# .# #.#..!#O####
.##.. #..........#
.#..### #................
......>#..#.........#....
.........##..............
........# ##....##.###...
........# #..#... .# ..
...............#. ## $


You could see an ogre.

Vanquished Creatures
  A centaur (D:5)
  A quasit (D:5)
  A hound (D:4)
  3 orc priests (D:4)
  Jessica (D:3)
  3 worker ants
  4 adders
  4 gnolls
  An ooze (D:2)
  3 worms
  A dart slug (D:1)
  5 leopard geckos
  9 orcs
  9 bats
  3 giant cockroaches
  4 goblins
  2 hobgoblins (D:1)
  10 jackals
  6 kobolds
  4 quokkas
  5 frilled lizards
  A leopard gecko skeleton (D:4)
  A quokka skeleton (D:4)
  7 rats
89 creatures vanquished.

Notes
Turn   | Place    | Note
-------+----------+-------------------------------------------
     0 | D:1      | spiff the High Elf Fighter began the quest for the Orb.
     0 | D:1      | Reached XP level 1. HP: 16/16 MP: 2/2
   149 | D:1      | Reached skill level 1 in Dodging
   156 | D:1      | Reached XP level 2. HP: 21/21 MP: 3/3
   531 | D:2      | Reached XP level 3. HP: 21/26 MP: 4/4
   671 | D:2      | Found a shimmering altar of Xom.
  1128 | D:2      | Found a faded altar of an unknown god.
  1722 | D:3      | Noticed Jessica
  1853 | D:3      | Reached XP level 4. HP: 31/32 MP: 5/5
  2018 | D:3      | Killed Jessica
  2146 | D:4      | Noticed theAP's ghost (novice GrFi)
  2777 | D:4      | Reached XP level 5. HP: 36/37 MP: 6/6
  3597 | D:4      | Found Seuschoa's Antique Weapon Emporium.
  3605 | D:4      | Noticed a phantom
  4517 | D:4      | Reached XP level 6. HP: 25/44 MP: 7/7
  5182 | D:5      | Entered Level 5 of the Dungeon
  5265 | D:5      | Reached skill level 5 in Fighting
  5265 | D:5      | Reached skill level 5 in Long Blades
  5773 | D:5      | Demolished by an ogre

Skill      XL: |  1  2  3  4  5  6 |
---------------+-------------------+-----
Dodging        | 1 2 3 4 |  4.4
Long Blades    | 3 4 5 |  5.2
Fighting       | 4 5 |  5.3
Armour         | |  2.6
Shields        | |  2.6

Action                   |  1- 3 |  4- 6 || total
-------------------------+-------+-------++-------
Melee: Long sword        |   140 |   239 ||   379
  Use: Scroll            |       |    10 ||    10
  Eat: Chunk             |     3 |     8 ||    11
       Bread ration      |       |     1 ||     1
Armor: Scale mail        |    83 |    56 ||   139
       Chain mail        |       |    80 ||    80
Dodge: Dodged            |    65 |   128 ||   193
Block: Shield            |    72 |       ||    72
       Buckler           |    10 |    65 ||    75
       Rpst.: Long sword |    22 |    39 ||    61
